AoeStats
← O grande

Arabian Desert

508743446Analyzed
1v1 RM · 7d ago on Sep 23, 2026· 33m 42s· 2 players
Game mode
Random Map
Map size
Tiny (2 player)
Population
200
Speed
Normal
Resources
Standard
Victory
Conquest
Starting age
Dark Age
Ending age
Imperial Age
RankedLock teamsTeams togetherTeam positionsShared explorationLock speedFull tech treeHidden civsTurbo modeCheats
Victory
Defeat
🇧🇷 Franks · Brazil
2136
+15
🇦🇷 Franks · Argentina
2118
-15
qwertyoN.-
5:51 Loom
8:21 Feudal Age
19:44 Forging
19:31 Double-Bit Axe
24:37 Castle Age
23:53 Scale Barding Armor
25:45 Wheelbarrow
24:40 Light Cavalry
25:34 Bow Saw
26:09 Husbandry
33:08 Gold Mining
O grande
5:55 Loom
8:54 Feudal Age
19:12 Double-Bit Axe
20:34 Forging
25:08 Castle Age
23:42 Gold Mining
24:43 Scale Barding Armor
26:07 Bow Saw
26:13 Husbandry
31:17 Gold Shaft Mining
34:13 Wheelbarrow
33:23 Town Watch
Connection lost

Rejoining the realm…

Still unreachable

The connection could not be restored.

Session expired

The server has moved on; the page needs a fresh start.